 Dungeon Crawl Stone Soup version 0.32-a0-12-g7fc57aa741 (webtiles) character file.

Game seed: 14022214913179484098

26021 mandarbmax the Brawler (level 12, -12/184 HPs)
             Began as a Troll Shapeshifter on Jan 14, 2024.
             Was a High Priest of Wu Jian.
             Mangled by an anaconda simulacrum (16 damage)
             ... in an ice cave.
             The game lasted 00:35:39 (10681 turns).

mandarbmax the Brawler (Troll Shapeshifter)        Turns: 10681, Time: 00:35:39

Health: -12/184    AC: 11    Str: 29    XL:     12   Next: 94%
Magic:  11/11      EV:  6    Int:  6    God:    Wu Jian [*****.]
Gold:   708        SH:  0    Dex:  9    Spells: 11/11 levels left

rFire   + .          .
                       - Unarmed
rCold   + . .        (no shield)
rNeg    . . .        E - +0 fire dragon scales
rPois   .            (helmet currently unavailable)
rElec   .            (cloak currently unavailable)
rCorr   .            (gloves unavailable)
SInv    .            (boots unavailable)
Will    .....        (no amulet) Stlth
                     j - ring of ice
HPRegen 1.30/turn    g - ring of protection from cold
MPRegen 0.12/turn

%: no passive effects
@: berserking (expiring), exhausted, beast-form, constricted, very quick
A: beast (slay +4), large, unfitting armour, claws 3, regeneration 1, shaggy fur
1, tough skin 1
a: Begin Untransformation, Renounce Religion, Wall Jump, Serpent's Lash,
Heavenly Storm


You were in an ice cave.
You worshipped Wu Jian.
Wu Jian was extremely pleased with you.
You were a hulking beast.
You visited 2 branches of the dungeon, and saw 14 of its levels.
You also visited: Sewer, Bailey and Ice Cave.

You collected 1003 gold pieces.
You spent 295 gold pieces at shops.

Inventory:

Missiles
 f - 6 curare-tipped darts
 p - 28 poisoned darts (quivered)
 F - 14 boomerangs
 I - 5 large rocks
 J - 16 darts of dispersal
 N - 5 javelins
Armour
 d - a +2 cloak
 E - +0 fire dragon scales (worn)
 H - a +1 robe of willpower
Jewellery
 g - a ring of protection from cold (right claw)
 j - a ring of ice (left claw)
 r - a ring of flight
 K - a ring of willpower
 L - the ring of the Original Sin {rElec rPois rN+ Str+3 Int-5}
   (You acquired it in a bailey)

   [ring of positive energy]

   Str+3:     It affects your strength (+3).
   Int-5:     It affects your intelligence (-5).
   rElec:     It insulates you from electricity.
   rPois:     It protects you from poison rN+: It protects you from negative
   energy.
Talismans
 c - a beast talisman
 Q - a blade talisman
Wands
 n - a wand of flame (2)
 C - a wand of polymorph (12)
 M - a wand of roots (6)
 P - a wand of mindburst (9)
Scrolls
 h - 2 scrolls of vulnerability
 i - 2 scrolls of revelation
 k - 3 scrolls of fog
 l - 4 scrolls of fear
 m - a scroll of noise
 o - 2 scrolls of amnesia
 q - 5 scrolls of teleportation
 x - 3 scrolls of blinking
 y - a scroll of enchant weapon
 B - a scroll of poison
 D - a scroll of torment
 G - a scroll of silence
 R - 2 scrolls of enchant armour
 U - 2 scrolls of immolation {unknown}
Potions
 a - 2 potions of curing
 b - 2 potions of lignification
 e - 3 potions of resistance
 s - 2 potions of magic {unknown}
 t - 8 potions of haste {unknown}
 u - 2 potions of brilliance {unknown}
 v - 7 potions of heal wounds
 w - 2 potions of invisibility {unknown}
 z - a potion of cancellation {unknown}
 A - 3 potions of mutation
 O - a potion of enlightenment
 T - a potion of attraction {unknown}


   Skills:
 + Level 9.2 Fighting
 - Level 5.0 Armour
 - Level 5.0 Dodging
 * Level 16.1 Unarmed Combat
 - Level 7.0 Shapeshifting


You had 11 spell levels left.
You didn't know any spells.
Your spell library contained the following spells:

 Spells                   Type           Power      Damage    Failure   Level
 Blink                    Tloc           0%         N/A       87%         2
 Ensorcelled Hibernation  Hex/Ice        0%         N/A       87%         2
 Lesser Beckoning         Tloc           0%         N/A       87%         2
 Momentum Strike          Conj/Tloc      0%         3d8       87%         2
 Call Canine Familiar     Summ           0%         N/A       98%         3
 Fugue of the Fallen      Necr           0%         N/A       98%         3
 Gell's Gravitas          Tloc           0%         N/A       98%         3
 Inner Flame              Hex/Fire       0%         N/A       98%         3
 Ozocubu's Armour         Ice            0%         N/A       98%         3
 Teleport Other           Tloc           0%         N/A       98%         3
 Tukima's Dance           Hex            0%         N/A       98%         3
 Volatile Blastmotes      Fire/Tloc      0%         2d10      98%         3
 Flame Wave               Conj/Fire      0%         2d4       100%        4
 Manifold Assault         Tloc           0%         N/A       100%        4
 Passage of Golubria      Tloc           0%         N/A       100%        4
 Sticky Flame             Fire/Alch      0%         2d4       100%        4
 Silence                  Hex/Air        0%         N/A       100%        5
 Yara's Violent Unravell  Hex/Alch       0%         3d3       100%        5
 Sculpt Simulacrum        Ice/Alch       0%         N/A       100%        6
 Haunt                    Necr/Summ      0%         N/A       100%        7
 Lehudib's Crystal Spear  Conj/Erth      0%         10d2      100%        8
 Death's Door             Necr           0%         N/A       100%        9


Dungeon Overview and Level Annotations

Branches:
Dungeon (13/15)            Temple (1/1) D:6            Lair (0/5) D:10
    Orc (0/2) D:9           Sewer (visited)          Bailey (visited)
  IceCv (1/1)
 Vaults: D:13-14

Altars:
Ashenzari
Cheibriados
Dithmenos
Elyvilon
Fedhas
Gozag
Hepliaklqana
Kikubaaqudgha
Makhleb
Nemelex Xobeh
Okawaru
Qazlal
Ru
Sif Muna
Trog
Uskayaw
Vehumet
Wu Jian
Xom
Yredelemnul
Zin
The Shining One

Shops:
D:1 ([((   D:2 :   D:4 ![*   D:8 *   D:13 (

Annotations:
D:13 Snorg


Innate Abilities, Weirdness & Mutations

You are a hulking beast.
Your limbs bulge with bestial killing power. (Slay +4)
You are too large for most types of armour.
You have claws for hands.
Your natural rate of healing is unusually fast.
You are covered in fur. (AC +1)
You have tough skin. (AC +1)


Message History

The Council accepts your kill.
You barely miss the ice devil.
The ice devil is severely wounded.
You claw the ice devil!
You kill the ice devil!
The Council accepts your kill. The ice devil hits you.
* * * LOW HITPOINT WARNING * * *
The ice devil freezes you! You resist.
* * * LOW HITPOINT WARNING * * *
You mangle the ice devil!!
The ice devil is heavily wounded.
You closely miss the ice devil.
The ice devil is heavily wounded.
The ice devil barely misses you.
You claw the ice devil!
The ice devil is almost dead.
The anaconda simulacrum grabs you. The anaconda simulacrum bites you.
* * * LOW HITPOINT WARNING * * *
The anaconda simulacrum freezes you! You resist.
* * * LOW HITPOINT WARNING * * *
The anaconda simulacrum constricts you.
* * * LOW HITPOINT WARNING * * *
You closely miss the anaconda simulacrum.
The anaconda simulacrum is severely damaged.
The ice devil hits you but does no damage.
You closely miss the anaconda simulacrum.
The anaconda simulacrum is severely damaged.
The anaconda simulacrum bites you.
* * * LOW HITPOINT WARNING * * *
The anaconda simulacrum freezes you! You resist.
* * * LOW HITPOINT WARNING * * *
The anaconda simulacrum constricts you.
You are too berserk!
You claw the anaconda simulacrum!
The anaconda simulacrum is almost destroyed.
The anaconda simulacrum bites you.
* * * LOW HITPOINT WARNING * * *
The anaconda simulacrum freezes you! You resist.
You die...

###...###
#.......####
.........[[#
..........[#
........8########
........## ##...##
.###.....###.....##
########..#..###..#
..### ##...##.Zh.#
....### ##.##.Z4###
##....##
#####...Z#####
###...###
##Z.Z8...8
###...### ##.......
## ###...## .......
.## ##...# .......
..## ###..# ...._..
...# ##....#
.......


You could see an ice devil, an anaconda simulacrum, an elephant simulacrum and a
polar bear simulacrum.

Vanquished Creatures
  Erolcha (D:10)
  2 two-headed ogres
  A catoblepas (D:13)
  A centaur warrior (D:13)
  2 boulder beetles
  An orc high priest (Bailey)
  Sonja (D:13)
  Amaemon (D:9)
  Lodul (D:11)
  2 orc knights (Bailey)
  2 deep elf pyromancers
  An orc sorcerer (Bailey)
  Maurice (D:7)
  An ugly thing (IceCv)
  A cyclops (D:11)
  2 unseen horrors
  An orange demon (D:9)
  3 rime drakes
  An anaconda simulacrum (IceCv)
  A kobold demonologist (D:12)
  A komodo dragon (D:11)
  8 ice devils (IceCv)
  2 freezing wraiths (IceCv)
  4 trolls
  A hornet (D:10)
  6 slime creatures (D:12)
  A vampire (D:12)
  A wyvern (D:9)
  2 wraiths
  3 yaks (D:8)
  3 vampire mosquitoes (D:12)
  A death yak simulacrum (IceCv)
  5 harpy simulacra (IceCv)
  2 acid dragons (D:11)
  An ice beast (D:10)
  15 orc warriors
  2 sky beasts (D:7)
  2 wolves (D:10)
  7 ogres (D:11)
  2 centaurs
  3 phantoms
  8 kobold brigands
  2 bullfrogs
  A gnoll sergeant (D:10)
  2 scorpions
  2 brain worms (Sewer)
  3 two-headed ogre simulacra (IceCv)
  A cane toad simulacrum (IceCv)
  18 wights
  18 killer bees
  4 elephant simulacra (IceCv)
  4 electric eels
  3 bombardier beetles
  2 hounds
  6 orc priests
  A gnoll bouda (D:6)
  Crazy Yiuf (D:5)
  2 jellies (D:7)
  Terence (D:3)
  A sleepcap (D:5)
  An iguana (D:5)
  9 orc wizards
  A troll simulacrum (IceCv)
  3 polar bear simulacra (IceCv)
  2 spriggan simulacra (IceCv)
  3 wolf simulacra (IceCv)
  12 adders
  28 gnolls
  3 river rats (Sewer)
  5 ribbon worms
  A dart slug (D:3)
  75 orcs
  10 endoplasms
  4 giant cockroaches
  28 goblins
  17 hobgoblins
  4 jackals (D:1)
  31 kobolds
  3 quokkas
  8 ball pythons
  5 bats
  7 frilled lizards
  10 rats
449 creatures vanquished.

Notes
Turn   | Place    | Note
-------+----------+-------------------------------------------
     0 | D:1      | mandarbmax the Troll Shapeshifter began the quest for the
                  | Orb.
     0 | D:1      | Reached XP level 1. HP: 18/18 MP: 0/0
    39 | D:1      | Found Pirpheci's Weapon Boutique.
    64 | D:1      | Found Rafeabu's Armour Shoppe.
   193 | D:1      | Reached skill level 1 in Fighting
   204 | D:1      | Reached XP level 2. HP: 22/27 MP: 1/1
   231 | D:1      | Found Voijure's Weapon Shop.
   275 | D:1      | Found Yguhuo's Weapon Shoppe.
   651 | D:2      | Found Vewyre's Book Emporium.
   727 | D:2      | Reached XP level 3. HP: 33/33 MP: 2/2
   805 | D:2      | Reached skill level 4 in Unarmed Combat
  1298 | D:2      | Reached XP level 4. HP: 22/41 MP: 3/3
  1420 | D:3      | Noticed a phantom
  1430 | D:3      | Killed a phantom
  1431 | D:3      | Reached XP level 5. HP: 38/48 MP: 4/4
  1578 | D:3      | Reached skill level 5 in Unarmed Combat
  1636 | D:3      | Noticed Terence
  1640 | D:3      | Killed Terence
  2003 | D:4      | Reached XP level 6. HP: 55/55 MP: 5/5
  2028 | D:4      | Found Gutonkot's Antique Armour Shop.
  2030 | D:4      | Found Nayfag's Assorted Antiques.
  2030 | D:4      | Found Dejafamu's Distillery.
  2269 | D:4      | You are sucked into a shaft and drop 2 floors!
  2324 | D:6      | Reached skill level 6 in Unarmed Combat
  2348 | D:6      | Reached XP level 7. HP: 62/62 MP: 6/6
  2387 | D:6      | Reached skill level 5 in Shapeshifting
  2402 | D:6      | Reached skill level 7 in Unarmed Combat
  2412 | D:6      | Found a glowing drain.
  2417 | Sewer    | Entered a sewer
  2625 | Sewer    | Reached XP level 8. HP: 73/74 MP: 7/7
  2848 | Sewer    | Reached skill level 8 in Unarmed Combat
  3088 | D:5      | Entered Level 5 of the Dungeon
  3258 | D:5      | Found a shadowy altar of Dithmenos.
  3392 | D:5      | Got Coshrebremoa's Folio of Open Graves and the Crevasse
  3519 | D:5      | Found a runed translucent door.
  3520 | D:5      | Noticed Crazy Yiuf
  3868 | D:5      | Killed Crazy Yiuf
  4407 | D:4      | Bought a scroll labelled NEVORU GOLE for 27 gold pieces
  4407 | D:4      | Bought a green potion for 24 gold pieces
  4407 | D:4      | Bought a purple potion for 24 gold pieces
  4522 | D:4      | Bought a potion of heal wounds for 50 gold pieces
  4522 | D:4      | Bought a potion of might for 40 gold pieces
  4522 | D:4      | Bought a potion of mutation for 80 gold pieces
  4589 | D:6      | Found a staircase to the Ecumenical Temple.
  4600 | D:6      | Reached skill level 9 in Unarmed Combat
  4605 | Temple   | Entered the Ecumenical Temple
  4644 | Temple   | Became a worshipper of the Wu Jian Council
  4946 | D:6      | Reached XP level 9. HP: 31/84 MP: 8/8
  5173 | D:7      | Identified the +1 leather armour of Jeobopro {rElec rF+
                  | Will++ Int-2 Slay+2}
  5240 | D:7      | Reached * piety under Wu Jian
  5342 | D:7      | Reached skill level 10 in Unarmed Combat
  5366 | D:7      | Noticed Maurice
  5372 | D:7      | Maurice stole a flux talisman
  5373 | D:7      | Maurice stole 3 boomerangs
  5377 | D:7      | Maurice stole a ring of ice
  5381 | D:7      | Killed Maurice
  5544 | D:7      | Reached skill level 5 in Fighting
  5611 | D:7      | Reached skill level 11 in Unarmed Combat
  5858 | D:8      | Found a flagged portal.
  5863 | D:8      | Reached ** piety under Wu Jian
  5882 | Bailey   | Entered a bailey
  5913 | Bailey   | Noticed an orc knight
  5918 | Bailey   | Reached XP level 10. HP: 96/96 MP: 9/9
  5926 | Bailey   | Killed an orc knight
  6169 | Bailey   | Noticed an orc knight
  6179 | Bailey   | Killed an orc knight
  6390 | Bailey   | Acquired the ring of the Original Sin {rElec rPois rN+
                  | Str+3 Int-5}
  6522 | Bailey   | Reached skill level 12 in Unarmed Combat
  6576 | Bailey   | Found an iron altar of Okawaru.
  6580 | Bailey   | Noticed an orc high priest
  6581 | Bailey   | Noticed an orc sorcerer
  6587 | Bailey   | Killed an orc high priest
  6591 | Bailey   | Killed an orc sorcerer
  6654 | Bailey   | Got the Anthology of Translocated Leadership
  6810 | D:8      | Reached *** piety under Wu Jian
  7221 | D:8      | Found Kafesat's General Store.
  7225 | D:8      | Reached skill level 1 in Armour
  7261 | D:8      | Bought a potion of enlightenment for 50 gold pieces
  7631 | D:9      | Noticed Amaemon
  7631 | D:9      | Noticed an orange demon
  7636 | D:9      | Killed an orange demon
  7640 | D:9      | Killed Amaemon
  7641 | D:9      | Reached XP level 11. HP: 63/107 MP: 10/10
  7708 | D:9      | Noticed a two-headed ogre
  7712 | D:9      | Killed a two-headed ogre
  7858 | D:9      | Reached skill level 13 in Unarmed Combat
  7871 | D:9      | Reached **** piety under Wu Jian
  7953 | D:9      | Found a staircase to the Orcish Mines.
  7971 | D:9      | Reached skill level 5 in Dodging
  8128 | D:9      | Identified the +0 falchion "Dilap" {heavy, rF+ rCorr Dex+3}
  8458 | D:10     | Entered Level 10 of the Dungeon
  8549 | D:10     | Found a staircase to the Lair.
  8558 | D:10     | Reached ***** piety under Wu Jian
  8558 | D:10     | Noticed Erolcha
  8567 | D:10     | Killed Erolcha
  9239 | D:11     | Found a burning altar of Makhleb.
  9444 | D:11     | Noticed a boulder beetle
  9454 | D:11     | Killed a boulder beetle
  9455 | D:11     | Reached skill level 14 in Unarmed Combat
  9506 | D:11     | Noticed Lodul
  9519 | D:11     | Killed Lodul
  9718 | D:11     | Reached XP level 12. HP: 119/119 MP: 11/11
  9922 | D:12     | Noticed a two-headed ogre
  9930 | D:12     | Killed a two-headed ogre
 10240 | D:13     | Noticed a boulder beetle
 10249 | D:13     | Killed a boulder beetle
 10275 | D:13     | Found Ynun Qamigh's Weapon Shoppe.
 10275 | D:13     | Noticed a centaur warrior
 10283 | D:13     | Noticed a catoblepas
 10287 | D:13     | Killed a centaur warrior
 10288 | D:13     | Reached skill level 5 in Armour
 10288 | D:13     | Reached skill level 15 in Unarmed Combat
 10292 | D:13     | Killed a catoblepas
 10337 | D:13     | Noticed Sonja
 10345 | D:13     | Killed Sonja
 10368 | D:13     | Found a frozen archway.
 10373 | D:13     | Noticed Snorg
 10379 | IceCv    | Entered an ice cave
 10655 | IceCv    | Found an ancient bone altar of Kikubaaqudgha.
 10661 | IceCv    | Reached skill level 16 in Unarmed Combat
 10680 | IceCv    | HP: 5/184 [anaconda simulacrum (10)]
 10681 | IceCv    | Mangled by an anaconda simulacrum

Illustrated notes

Levels and vault maps discovered:
D:1:      mainiacjoe_arrival_oval_in_oval, layout_basic, serial_shops, shop,
          nicolae_shop_stone, shop, nicolae_shop_gibbet_a_chance,
          chequers_avenue
D:2:      minmay_spotlight, layout_loops_ring, serial_shops,
          nicolae_book_shop_shelving
D:3:      layout_basic, uniq_terence
D:4:      corexii_shantytown, layout_rooms, nicolae_shop_distant_corner_stores
D:5:      layout_loops_cross, kennysheep_little_box, uniq_crazy_yiuf_cottage
D:6:      layout_cave_pools, minmay_temple_entry_proselytizer,
          mainiacjoe_sewer_entry_somewhere_in_here_1, corner_web_ring
D:7:      layout_cave_pools, minmay_unpleasant_kobolds, uniq_maurice
D:8:      layout_basic, enter_bailey_5, nicolae_wooded_promenade
D:9:      layout_roguey, hiddenorc2_lemuel, uniq_amaemon
D:10:     layout_roguey, hellmonk_lair_entry_icy, uniq_erolcha
D:11:     layout_basic, bloody_makhleb, uniq_lodul
D:12:     layout_small_grid
D:13:     layout_rooms, hellmonk_vaults_attempted_burglary, serial_shops,
          nicolae_shop_window_shopping, portal_ice_cave_rime,
          lemuel_zombie_altar_kikubaaqudgha, uniq_snorg, uniq_sonja
Temple:   mainiacjoe_temple_trianglar_array
IceCv:    ice_cave_small_necro

Skill      XL: |  1  2  3  4  5  6  7  8  9 10 11 12 |
---------------+-------------------------------------+-----
Fighting       | 1 2 3 5 6 7 9 |  9.2
Dodging        | 2 4 5 |  5.0
Unarmed Combat | 4 5 6 7 9 11 12 14 16 | 16.1
Shapeshifting  | 4 5 6 7 |  7.0
Armour         | 1 4 5 |  5.0

Action                     |  1- 3 |  4- 6 |  7- 9 | 10-12 || total
---------------------------+-------+-------+-------+-------++-------
  Melee: Unarmed           |    89 |   100 |   308 |   555 ||  1052
         Punch             |     1 |     6 |    10 |    34 ||    51
  Throw: Dart              |       |     1 |       |    12 ||    13
 Invoke: Serpent's Lash    |       |       |       |     2 ||     2
Ability: Lunge             |       |       |    20 |    39 ||    59
         Whirlwind         |       |       |     3 |    58 ||    61
         Wall Jump         |       |       |       |     9 ||     9
  Evoke: Wand              |       |     1 |     9 |     5 ||    15
    Use: Scroll            |       |     4 |     8 |    11 ||    23
         Potion            |       |     1 |     1 |     3 ||     5
 Armour: Animal skin       |    61 |    51 |   127 |       ||   239
         Skin              |       |       |    81 |       ||    81
         Robe              |       |       |    52 |    53 ||   105
         Fire dragon scale |       |       |       |   317 ||   317
  Dodge: Dodged            |    46 |    42 |   116 |   154 ||   358

Table legend: (Time is in decaauts)
 A = Elapsed time spent in this place.
 B = Non-inter-level travel time spent in this place.
 C = Inter-level travel time spent in this place.
 D = Time resting spent in this place.
 E = Time spent auto-exploring this place.
 F = Levels seen in this place.
 G = Mean time per level.
                   A        B        C        D        E       F      G
               +--------+--------+--------+--------+--------+-----+--------+
         Total |  10557 |   9888 |    669 |    809 |   6810 |  17 |  621.0 |
       Dungeon |   8735 |   8140 |    595 |    391 |   5956 |  13 |  671.9 |
        Temple |     76 |      2 |     74 |      0 |      0 |   1 |   76.0 |
         Sewer |    564 |    564 |      0 |      2 |    410 |   1 |  564.0 |
        Bailey |    890 |    890 |      0 |    352 |    295 |   1 |  890.0 |
      Ice Cave |    290 |    290 |      0 |     64 |    149 |   1 |  290.0 |
               +--------+--------+--------+--------+--------+-----+--------+

Top non-repeatable levels by time:
     D:5: 918 daAuts
  Bailey: 890 daAuts
     D:9: 835 daAuts
     D:8: 824 daAuts
    D:11: 823 daAuts
     D:2: 793 daAuts
     D:4: 789 daAuts
     D:7: 759 daAuts
     D:6: 661 daAuts
     D:3: 653 daAuts
    D:10: 640 daAuts
     D:1: 611 daAuts
   Sewer: 564 daAuts
    D:12: 291 daAuts
   IceCv: 290 daAuts
